AoeStats
← duke of downend

Four Lakes

510167940Analyzed
1v1 RM · 2d ago on Sep 29, 2026· 55m 15s· 2 players
Game mode
Random Map
Map size
Tiny (2 player)
Population
200
Speed
Normal
Resources
Standard
Victory
Conquest
Starting age
Dark Age
Ending age
Imperial Age
RankedLock teamsTeams togetherTeam positionsShared explorationLock speedFull tech treeHidden civsTurbo modeCheats
Victory
Defeat
🇬🇧 Khmer · United Kingdom
619
+16
🇨🇱 Slavs · Chile
610
-16
IskiSick
10:38 Feudal Age
11:10 Horse Collar
18:03 Fletching
19:13 Wheelbarrow
18:25 Loom
19:26 Bloodlines
26:56 Castle Age
26:11 Forging
27:16 Crossbowman
27:21 Pikeman
28:03 Squires
28:01 Bodkin Arrow
27:30 Light Cavalry
28:11 Husbandry
29:04 Town Watch
29:38 Hand Cart
34:22 Town Patrol
34:37 Padded Archer Armor
35:20 Gold Mining
35:22 Stone Mining
41:02 Leather Archer Armor
43:59 Imperial Age
41:34 Detinets
44:43 Double-Bit Axe
45:03 Heavy Plow
44:51 Man-at-Arms
46:04 Bow Saw
45:45 Long Swordsman
47:58 Two-Man Saw
47:34 Crop Rotation
46:54 Elite Skirmisher
48:16 Iron Casting
47:51 Scale Barding Armor
48:18 Conscription
48:32 Hussar
48:37 Two-Handed Swordsman
48:38 Halberdier
49:36 Druzhina
49:32 Champion
51:20 Ring Archer Armor
55:19 Ballistics
duke of downend
7:53 Loom
12:17 Feudal Age
12:56 Horse Collar
13:04 Double-Bit Axe
17:39 Bloodlines
18:04 Forging
26:36 Castle Age
27:17 Man-at-Arms
27:43 Arson
28:37 Fletching
29:02 Crossbowman
30:34 Bow Saw
30:29 Bodkin Arrow
30:39 Heavy Plow
30:47 Elite Skirmisher
33:33 Iron Casting
34:10 Scale Mail Armor
33:53 Pikeman
33:54 Long Swordsman
34:46 Light Cavalry
35:27 Husbandry
36:32 Wheelbarrow
43:12 Imperial Age
44:50 Ballistics
44:27 Murder Holes
45:00 Double Crossbow
45:22 Conscription
47:19 Chemistry
46:25 Siege Engineers
48:38 Bracer
49:39 Blast Furnace
49:57 Chain Mail Armor
50:59 Hand Cart
50:33 Town Watch
51:43 Halberdier
51:43 Two-Handed Swordsman
Connection lost

Rejoining the realm…

Still unreachable

The connection could not be restored.

Session expired

The server has moved on; the page needs a fresh start.